 Dungeon Crawl Stone Soup version 0.28-a0-1213-g0243856f03 (webtiles) character file.

Game seed: 13034664899738096181

12 tilp the Grave Robber (level 2, 0/22 HPs)
             Began as a Mummy Necromancer on Dec 21, 2021.
             Slain by a giant cockroach (2 damage)
             ... on level 1 of the Dungeon.
             The game lasted 00:02:33 (578 turns).

tilp the Grave Robber (Mummy Necromancer)            Turns: 578, Time: 00:02:34

Health: 0/22       AC:  2    Str: 11    XL:     2   Next: 20%
Magic:  5/5        EV: 12    Int: 14    God:
Gold:   0          SH:  0    Dex: 12    Spells: 4/6 levels left

rFire   x . .      SeeInvis .   a - +0 dagger
rCold   + . .      Faith    .   (no shield)
rNeg    + + +      Spirit   .   c - +0 robe
rPois   ∞          Reflect  .   (no helmet)
rElec   .          Harm     .   (no cloak)
rCorr   .          Rampage  .   (no gloves)
Will    .....                   (no boots)
Stlth   ++........              (no amulet)
HPRegen 0.07/turn               (no ring)
MPRegen 0.09/turn               (no ring)

@: no status effects
A: cold resistance 1, negative energy resistance 3, torment resistance 2, heat
vulnerability 1, no potions
a: no special abilities


You were on level 1 of the Dungeon.
You visited 1 branch of the dungeon, and saw 1 of its levels.

Inventory:

Hand Weapons
 a - a +0 dagger (weapon)
Missiles
 b - 15 stones
Armour
 c - a +0 robe (worn)
 e - a +0 pair of boots
Scrolls
 d - a scroll of immolation {unknown}


   Skills:
 + Level 1.9 Fighting
 - Level 1.5 Dodging
 - Level 1.5 Stealth
 - Level 2.6 Spellcasting
 - Level 4.0 Necromancy


You had 4 spell levels left.
You knew the following spells:

 Your Spells              Type           Power      Damage    Failure   Level
a - Pain                  Necr           52%        1d6       4%          1
b - Animate Skeleton      Necr           26%        N/A       4%          1

Your spell library contained the following spells:

 Spells                   Type           Power      Damage    Failure   Level
 Vampiric Draining        Necr           13%        2d6       13%         3
 Foxfire                  Conj/Fire      4%         2x1d4     22%         1
 Animate Dead             Necr           6%         N/A       38%         4
 Conjure Flame            Conj/Fire      1%         6-21      54%         3
 Inner Flame              Hex/Fire       1%         N/A       54%         3
 Flame Wave               Conj/Fire      1%         2d4       91%         4
 Agony                    Necr           13%        N/A       75%         5


Dungeon Overview and Level Annotations

Branches:
Dungeon (1/15)

Altars:


Innate Abilities, Weirdness & Mutations

You are immune to poison.
Your flesh is cold resistant. (rC+)
You are immune to negative energy. (rN+++)
You are immune to unholy pain and torment.
You are vulnerable to heat. (rF-)
You do not drink.


Message History

* * * LOW HITPOINT WARNING * * *
Unknown command.
Casting: Animate Skeleton (safe; 4% risk of failure)
Confirm with . or Enter, or press ? or * to list all spells.
Aiming: Pain (safe; 4% risk of failure)
Press: ? - help, Shift-Dir - straight line, f - ball python
Aim: a ball python (moderately wounded, constricting you, chance to affect: 83%)
The ball python writhes in agony.
You kill the ball python!
The hobgoblin completely misses you.
Found a stone staircase leading down.
The hobgoblin hits you.
* * * LOW HITPOINT WARNING * * *
A rat comes into view.
You closely miss the giant cockroach. The giant cockroach misses you.
The giant cockroach bites you but does no damage.
You hit the giant cockroach but do no damage.
The giant cockroach bites you.
* * * LOW HITPOINT WARNING * * *
You hit the giant cockroach but do no damage.
The giant cockroach closely misses you. The rat barely misses you.
You hit the giant cockroach but do no damage.
The giant cockroach closely misses you. The rat barely misses you.
You barely miss the giant cockroach. The giant cockroach misses you.
The rat closely misses you.
You closely miss the giant cockroach. The giant cockroach misses you.
The rat barely misses you. The giant cockroach bites you.
* * * LOW HITPOINT WARNING * * *
Unknown command.
You hit the rat but do no damage. The rat bites you.
* * * LOW HITPOINT WARNING * * *
The giant cockroach bites you but does no damage.
You completely miss the rat.
The giant cockroach bites you but does no damage.
The rat closely misses you.
You closely miss the rat. The giant cockroach barely misses you.
The rat closely misses you.
You barely miss the rat. The giant cockroach barely misses you.
The rat bites you but does no damage.
You hit the rat but do no damage. The giant cockroach bites you.
You die...

#......................
#.....)................
#.!.####..†............##.
#... ###.)...........##.
#.. ##............... #.
#.#.####.###.##. #...#
#.#.# #.###.##.
.....####...# #.##...##
#..r@Bg..# #.##.....
######...# #.##...## #...#
#)##...# ....# #. #####
....# ....# ...>.# ....


You could see a giant cockroach, a hobgoblin and a rat.

Vanquished Creatures
  2 goblins (D:1)
  A hobgoblin (D:1)
  A kobold (D:1)
  A quokka (D:1)
  A ball python (D:1)
  A frilled lizard (D:1)
  A rat (D:1)
8 creatures vanquished.

Vanquished Creatures (collateral kills)
  A dart slug (D:1)
  A bat (D:1)
2 creatures vanquished.

Grand Total: 10 creatures vanquished

Notes
Turn   | Place    | Note
-------+----------+-------------------------------------------
     0 | D:1      | tilp the Mummy Necromancer began the quest for the Orb.
     0 | D:1      | Reached XP level 1. HP: 13/13 MP: 4/4
     2 | D:1      | Learned a level 1 spell: Animate Skeleton
   214 | D:1      | Reached skill level 1 in Fighting
   475 | D:1      | Reached XP level 2. HP: 22/22 MP: 3/5
   578 | D:1      | Slain by a giant cockroach

Illustrated notes

Levels and vault maps discovered:
D:1:      minmay_arrival_arboretum_large, layout_rooms,
          chequers_decorated_corner

Skill      XL: |  1 |
---------------+----+-----
Fighting       | 1 |  1.9
Dodging        | |  1.5
Stealth        | |  1.5
Spellcasting   | |  2.6
Necromancy     | |  4.0

Action                   || total
-------------------------++-------
Melee: Unarmed           ||     4
       Dagger            ||    26
 Cast: Pain              ||    15
       Animate Skeleton  ||     3
Armor: Robe              ||     5
Dodge: Dodged            ||    27

Table legend: (Time is in decaauts)
 A = Elapsed time spent in this place.
 B = Non-inter-level travel time spent in this place.
 C = Inter-level travel time spent in this place.
 D = Time resting spent in this place.
 E = Time spent auto-exploring this place.
 F = Levels seen in this place.
 G = Mean time per level.
                   A        B        C        D        E       F      G
               +--------+--------+--------+--------+--------+-----+--------+
         Total |    577 |    577 |      0 |      0 |    455 |   1 |  577.0 |
       Dungeon |    577 |    577 |      0 |      0 |    455 |   1 |  577.0 |
               +--------+--------+--------+--------+--------+-----+--------+

Top non-repeatable levels by time:
     D:1: 577 daAuts
